 Dungeon Crawl Stone Soup version 0.28.0-43-g3370ac3207 (webtiles) character file.

Game seed: 3394553572672336899

921 crimpus the Cudgeller (level 8, -5/84 HPs)
             Began as an Ogre Berserker on Mar 6, 2022.
             Was a Believer of Trog.
             Slain by an ogre
             ... wielding a +0 giant club
              (7 damage)
             ... on level 5 of the Dungeon.
             The game lasted 00:06:30 (6603 turns).

crimpus the Cudgeller (Ogre Berserker)              Turns: 6603, Time: 00:06:32

Health: -5/84      AC:  4    Str: 24    XL:     8   Next: 10%
Magic:  8/8        EV: 10    Int:  8    God:    Trog [**....]
Gold:   277        SH:  0    Dex:  8    Spells: 7/7 levels left

rFire   . . .      SeeInvis +   s - +0 giant club
rCold   . . .      Faith    +   (shield currently unavailable)
rNeg    . . .      Spirit   .   b - +0 animal skin
rPois   .          Reflect  .   (helmet restricted)
rElec   .          Harm     .   l - +0 cloak
rCorr   .          Rampage  .   (gloves unavailable)
Will    +....                   (boots unavailable)
Stlth   +.........              v - amulet of faith
HPRegen 0.24/turn               k - ring of see invisible
MPRegen 0.11/turn               e - ring of willpower

@: mighty, on berserk cooldown, slowed, very slow
A: large, unfitting armour, tough skin 1
a: Renounce Religion, Berserk, Trog's Hand


You were on level 5 of the Dungeon.
You worshipped Trog.
Trog was pleased with you.
You visited 1 branch of the dungeon, and saw 5 of its levels.

You collected 277 gold pieces.

Inventory:

Hand Weapons
 m - a +1 whip of electrocution
 s - a +0 giant club (weapon)
 t - a +1 dire flail of venom
Armour
 b - a +0 animal skin (worn)
 l - a +0 cloak (worn)
Jewellery
 e - a ring of willpower (right hand)
 k - a ring of see invisible (left hand)
 n - an amulet of the acrobat
 v - an amulet of faith (around neck)
Wands
 c - a wand of charming (12)
 f - a wand of digging (5)
 h - a wand of acid (14)
 u - a wand of iceblast (8)
 w - a wand of flame (19)
Scrolls
 d - 2 scrolls of holy word
 g - a scroll of magic mapping {unknown}
 i - 3 scrolls of silence
 j - 2 scrolls of amnesia
Potions
 a - a potion of heal wounds {unknown}
 o - a potion of invisibility {unknown}
 p - a potion of haste {unknown}
 q - 3 potions of curing


   Skills:
 + Level 6.5 Fighting
 + Level 6.6 Maces & Flails
 + Level 4.9 Dodging


You had 7 spell levels left.
You didn't know any spells.
Your spell library was empty.

Dungeon Overview and Level Annotations

Branches:
Dungeon (5/15)
 Temple: D:4-7

Altars:
Trog

Shops:
D:1 [


Innate Abilities, Weirdness & Mutations

You are too large for most types of armour.
You have tough skin. (AC +1)


Message History

The scorpion stings you.
You bludgeon the scorpion!!
You kill the scorpion!
Trog accepts your kill.
You feel very sick.
You have reached level 8!
You start resting.
You feel sick.
An iguana comes into view.
An iguana is nearby!
An iguana is nearby!
An iguana is nearby!
You feel a strong urge to attack something.
You feel sick.
You feel sick.
An ogre comes into view. It is wielding a +0 giant club.
You feel your anger nearly subside.
You feel sick.
The ogre shouts!
You closely miss the iguana.
You feel sick. The iguana bites you.
* * * LOW HITPOINT WARNING * * *
You bludgeon the iguana!!
You kill the iguana!
Trog accepts your kill.
You feel sick.
Found a hand axe.
You are no longer berserk.
You are exhausted.
You feel yourself slow down. The ogre barely misses you.
You see here a book of Frost.
You feel sick.
You feel very mighty all of a sudden.
You feel sick. The ogre barely misses you.
You sock the ogre!
The ogre is moderately wounded.
You feel sick.
You are no longer poisoned.
The ogre hits you with a +0 giant club!!
* * * LOW HITPOINT WARNING * * *
The ogre hits you with a +0 giant club!
You die...

#...............#...†..#......
############...###'#######.###
#...###.###.###.###
#.....#...#........
#.....#...#........
#.....#...#........
#.....#...#........
#..†..#...'........
#.@#########.#..#+# #.O#
######.# #............ #...
#............ #...
#...........) #...
#............ #...
###...##..... #... ##### #####
####


You could see an ogre.

Vanquished Creatures
  Edmund (D:5)
  An ogre (D:5)
  2 phantoms
  Blork the orc (D:4)
  A scorpion (D:5)
  A hound (D:5)
  Crazy Yiuf (D:2)
  3 orc priests
  2 iguanas (D:5)
  Ijyb (D:5)
  2 orc wizards
  8 adders
  An adder skeleton (D:4)
  A worm (D:2)
  3 dart slugs
  12 orcs
  10 endoplasms
  4 giant cockroaches
  6 goblins
  8 hobgoblins
  4 jackals (D:4)
  8 kobolds
  5 quokkas
  A ball python (D:4)
  A frilled lizard (D:1)
  3 rats
91 creatures vanquished.

Notes
Turn   | Place    | Note
-------+----------+-------------------------------------------
     0 | D:1      | crimpus the Ogre Berserker began the quest for the Orb.
     0 | D:1      | Reached XP level 1. HP: 24/24 MP: 1/1
    95 | D:1      | Reached XP level 2. HP: 32/32 MP: 2/2
   257 | D:1      | Found Laudiliy's Antique Armour Shop.
   569 | D:1      | Reached XP level 3. HP: 29/40 MP: 3/3
  1501 | D:2      | Reached XP level 4. HP: 45/49 MP: 4/4
  1917 | D:2      | Reached ** piety under Trog
  1992 | D:2      | Found a runed translucent door.
  1993 | D:2      | Noticed Crazy Yiuf
  2002 | D:2      | Killed Crazy Yiuf
  2003 | D:2      | Reached skill level 5 in Fighting
  3131 | D:3      | Reached XP level 5. HP: 34/57 MP: 5/5
  4432 | D:4      | Reached XP level 6. HP: 65/66 MP: 6/6
  4438 | D:4      | Found a bloodstained altar of Trog.
  5137 | D:4      | Reached skill level 5 in Maces & Flails
  5297 | D:4      | Noticed Blork the orc
  5303 | D:4      | Killed Blork the orc
  5452 | D:4      | Reached XP level 7. HP: 61/74 MP: 7/7
  5757 | D:5      | Entered Level 5 of the Dungeon
  5957 | D:5      | Noticed Edmund
  5969 | D:5      | Killed Edmund
  6357 | D:5      | Noticed Ijyb
  6369 | D:5      | Killed Ijyb
  6594 | D:5      | Reached XP level 8. HP: 47/84 MP: 8/8
  6603 | D:5      | HP: 2/84 [ogre/+0 giant club (18)]
  6603 | D:5      | Slain by an ogre

Illustrated notes

Levels and vault maps discovered:
D:1:      heliophobic_arrival_enchanted_forest, layout_loops_ring, serial_shops,
          shop_statue
D:2:      layout_basic, chequers_ecumenical_altar_grove, minmay_tripent,
          uniq_crazy_yiuf_cottage
D:3:      layout_basic, minmay_misc_feat_tower, minmay_misc_feat_four_crosses
D:4:      layout_basic, bloody_trog, uniq_blork_the_orc
D:5:      layout_gridville, lemuel_coloured_pillars_altar, uniq_edmund,
          uniq_ijyb

Skill      XL: |  1  2  3  4  5  6  7 |
---------------+----------------------+-----
Maces & Flails | 3 4 5 6 |  6.6
Dodging        | 3 4 |  4.9
Fighting       | 5 6 |  6.5

Action                   |  1- 3 |  4- 6 |  7- 9 || total
-------------------------+-------+-------+-------++-------
Melee: Mace              |    93 |   110 |       ||   203
       Punch             |     2 |     1 |       ||     3
       Whip              |       |    37 |    16 ||    53
       Giant club        |       |       |    37 ||    37
Invok: Berserk           |       |     6 |     4 ||    10
  Use: Potion            |       |     5 |     1 ||     6
       Scroll            |       |     5 |       ||     5
 Stab: Sleeping          |       |     2 |       ||     2
Armor: Animal skin       |    26 |    43 |     9 ||    78
Dodge: Dodged            |    48 |    67 |    23 ||   138
